 Seeded DCSS version 0.29.1-13-g9f3cf754e1 (webtiles) character file.

Game seed: 15238952690031473578 (custom seed)

991 GigaChad the Protected (level 7, -3/56 (61) HPs)
             Began as a Minotaur Fighter on Jan 19, 2023.
             Was an Initiate of the Shining One.
             Slain by a gnoll sergeant
             ... wielding a +2 trident of venom
              (9 damage)
             ... on level 5 of the Dungeon.
             The game lasted 00:07:53 (5776 turns).

GigaChad the Protected (Minotaur Fighter)           Turns: 5776, Time: 00:07:55

HP:   -3/56 (61)    AC:  9    Str: 23    XL:     7   Next: 98%
MP:   6/6           EV: 10    Int:  7    God:    the Shining One [......]
Gold: 201           SH:  5    Dex:  9    Spells: 6/6 levels left

rFire   . . .      SeeInvis .   w - +4 hand axe of Macho {speed, rC- rN+ Int+2}
rCold   x . .      Faith    .   c - +0 buckler
rNeg    + . .      Spirit   .   b - +0 scale mail
rPois   .          Reflect  .   (helmet restricted)
rElec   .          Harm     .   v - +0 cloak
rCorr   .          Rampage  .   (no gloves)
Will    +....                   (no boots)
Stlth   ..........              (no amulet)
HPRegen 0.18/turn               j - ring of willpower
MPRegen 0.10/turn               (no ring)

@: lethally poisoned (-3 -> -13), glowing, studying Armour, drained
A: horns 2, retaliatory headbutt
a: Renounce Religion


You were on level 5 of the Dungeon.
You worshipped the Shining One.
The Shining One was noncommittal.
You visited 1 branch of the dungeon, and saw 5 of its levels.

You collected 201 gold pieces.

Inventory:

Hand Weapons
 a - a +0 war axe
 e - a +2 spear of flaming
 n - a +3 vorpal scythe
 q - a +2 vorpal dire flail
 w - the +4 hand axe of Macho (weapon) {speed, rC- rN+ Int+2}
   (You found it on level 5 of the Dungeon)

   Attacks with this weapon are significantly faster.
   Int:       It affects your intelligence (+2).
   rC:        It makes you vulnerable to cold.
   rN:        It protects you from negative energy.
Missiles
 h - a throwing net
 s - 4 poisoned darts (quivered)
Armour
 b - a +0 scale mail (worn)
 c - a +0 buckler (worn)
 m - the +1 chain mail "Ynnyax" {rPois rF+ rC++ Dex-3}
   (You found it on level 2 of the Dungeon)

   Dex:       It affects your dexterity (-3).
   rF:        It protects you from fire.
   rC:        It greatly protects you from cold.
   rPois:     It protects you from poison.
 v - a +0 cloak (worn)
Jewellery
 j - a ring of willpower (left hand)
Wands
 g - a wand of polymorph (11)
 o - a wand of paralysis (2)
 u - a wand of light (9)
Scrolls
 t - a scroll of identify
Potions
 d - a potion of might
 f - 4 potions of haste
 i - 2 potions of curing
 k - a potion of lignification {unknown}
 l - a potion of magic
 p - a potion of flight
 r - a potion of ambrosia {unknown}


   Skills:
 + Level 5.5 Fighting
 + Level 7.1 Axes
 + Level 8.4 Armour
 + Level 2.3 Dodging
 + Level 0.5 Stealth
 + Level 5.4 Shields


You had 6 spell levels left.
You didn't know any spells.
Your spell library contained the following spells:

 Spells                   Type           Power      Damage    Failure   Level
 Inner Flame              Hex/Fire       0%         N/A       99%         3
 Cause Fear               Hex            0%         N/A       100%        4
 Discord                  Hex            0%         N/A       100%        8


Dungeon Overview and Level Annotations

Branches:
Dungeon (5/15)
 Temple: D:4-7

Altars:
Cheibriados
Gozag
Qazlal
Ru
Vehumet
The Shining One

Shops:
D:3 ?


Innate Abilities, Weirdness & Mutations

You have a pair of horns on your head.
You reflexively headbutt those who attack you in melee.


Message History

You feel clever.
Your hands tingle!
w - the +4 hand axe of Macho (weapon)
{speed, rC- rN+ Int+2}
Found a stone staircase leading down.
You start resting.
HP restored.
You start waiting.
Done waiting.
Found an escape hatch in the floor. 3 gnolls come into view.
The gnoll shouts! x2
You see here 16 gold pieces.
A gnoll sergeant comes into view. It is wielding a +2 trident of venom.
The gnoll sergeant shouts!
You hear a shout! 2 gnolls come into view.
The gnoll shouts! x2
The gnoll hits you with a +0 flail!
You slash the gnoll! You headbutt the gnoll.
You kill the gnoll!
You hit the gnoll.
A white imp comes into view.
The gnoll barely misses you. You block the gnoll's attack.
The gnoll hits you but does no damage. The gnoll misses you.
The gnoll sergeant hits you with a +2 trident of venom!
You are poisoned.
You see here a +0 flail.
You feel very sick. The gnoll barely misses you.
The gnoll hits you with a +0 halberd.
The gnoll sergeant hits you with a +2 trident of venom!
The gnoll attacks as you move away! The gnoll hits you but does no damage.
* * * LOW HITPOINT WARNING * * *
You feel very sick. You block the gnoll's attack.
The gnoll sergeant closely misses you.
You slash the gnoll! You headbutt the gnoll.
You kill the gnoll!
You hit the gnoll. x2; You completely miss the gnoll sergeant.
You feel sick. You block the gnoll's attack.
The gnoll hits you with a +0 halberd!
* * * LOW HITPOINT WARNING * * *
The gnoll sergeant hits you with a +2 trident of venom!
You die...

##..... ### ..# #...##.
#..## #..# ##..##..
##....######...# #..####.
#.......##....# #..# ##
#....>....5...# #.†#
#.........g..# #..##
≈≈≈≈.....g)..## #...#
#≈....)g@...## #...###
#≈.....g.....#####.....##
#+#≈.............##.......#
≈.≈≈...$.................##
#....>..................##
####...................##
##.................##
#.................#
#.................#


You could see a gnoll sergeant, 3 gnolls and a white imp.

Vanquished Creatures
  Sigmund (D:4)
  Edmund (D:4)
  A black bear (D:5)
  A necrophage (D:5)
  2 scorpions (D:5)
  2 hounds
  Crazy Yiuf (D:5)
  A gnoll bouda (D:5)
  Terence (D:2)
  Ijyb (D:4)
  Natasha (thrice) (D:4)
  6 gnolls (D:5)
  10 adders
  A worm (D:3)
  3 dart slugs
  6 orcs
  4 ball pythons
  3 endoplasms
  2 giant cockroaches
  7 goblins
  4 hobgoblins
  6 jackals
  3 quokkas
  A bat (D:2)
  A frilled lizard (D:2)
  4 kobolds
76 creatures vanquished.

Vanquished Creatures (others)
  7 plants (D:3)
7 creatures vanquished.

Grand Total: 83 creatures vanquished

Notes
Turn   | Place    | Note
-------+----------+-------------------------------------------
     0 | D:1      | GigaChad the Minotaur Fighter began the quest for the Orb.
     0 | D:1      | Reached XP level 1. HP: 19/19 MP: 0/0
   323 | D:1      | You fall into a shaft and drop 1 floor!
   391 | D:3      | Reached XP level 2. HP: 22/27 MP: 1/1
   392 | D:3      | Found Nomicomp's Magic Scroll Shoppe.
   419 | D:3      | Reached skill level 4 in Armour
   455 | D:3      | Reached XP level 3. HP: 27/33 MP: 2/2
   493 | D:3      | Found a radiant altar of Vehumet.
   635 | D:3      | Found a snail-covered altar of Cheibriados.
   890 | D:3      | Found an opulent altar of Gozag.
   892 | D:3      | Found a stormy altar of Qazlal.
   896 | D:3      | Found a sacrificial altar of Ru.
  1020 | D:2      | Reached XP level 4. HP: 40/40 MP: 3/3
  1146 | D:2      | Identified a scroll of acquirement
  1146 | D:2      | Acquired a manual of Armour
  1294 | D:2      | Noticed Terence
  1306 | D:2      | Killed Terence
  1852 | D:2      | Identified the +1 chain mail "Ynnyax" {rPois rF+ rC++
                  | Dex-3}
  2063 | D:4      | Noticed Natasha
  2068 | D:4      | Killed Natasha
  2069 | D:4      | Reached skill level 1 in Dodging
  2069 | D:4      | Reached XP level 5. HP: 46/46 MP: 4/4
  2223 | D:4      | Noticed Natasha
  2236 | D:4      | Killed Natasha
  2444 | D:4      | Found a glowing golden altar of the Shining One.
  2446 | D:4      | Noticed Sigmund
  2455 | D:4      | Killed Sigmund
  2456 | D:4      | Reached skill level 5 in Axes
  2456 | D:4      | Reached skill level 5 in Armour
  2456 | D:4      | Reached XP level 6. HP: 17/53 MP: 5/5
  2767 | D:4      | Became a worshipper of the Shining One
  2860 | D:4      | Noticed Ijyb
  2860 | D:4      | Paralysed by Ijyb for 4 turns
  2871 | D:4      | Paralysed by Ijyb for 5 turns
  2876 | D:4      | Killed Ijyb
  3120 | D:4      | Noticed Edmund
  3124 | D:4      | Reached skill level 6 in Armour
  3131 | D:4      | Killed Edmund
  3132 | D:4      | Reached skill level 5 in Shields
  3136 | D:4      | Noticed Natasha
  3142 | D:4      | Killed Natasha
  3143 | D:4      | Reached XP level 7. HP: 53/60 MP: 6/6
  3486 | D:4      | Reached skill level 7 in Armour
  3635 | D:5      | Entered Level 5 of the Dungeon
  3655 | D:5      | Reached skill level 5 in Fighting
  4213 | D:5      | Reached skill level 8 in Armour
  4818 | D:5      | Found a runed translucent door.
  4819 | D:5      | Noticed Crazy Yiuf
  4899 | D:5      | Killed Crazy Yiuf
  5634 | D:5      | Identified the +4 hand axe of Macho {speed, rC- rN+ Int+2}
  5776 | D:5      | Slain by a gnoll sergeant

Illustrated notes

Levels and vault maps discovered:
D:1:      evilmike_arrival_fibonacci_small, layout_loops_ring,
          ebering_ecumenical_altar_rust
D:2:      layout_basic, uniq_terence
D:3:      layout_basic, minitemple, mainiacjoe_overflow_catwalk_spiral,
          serial_shops, shop, serial_bayou, serial_bayou_pond_d,
          serial_bayou_pond_c, serial_bayou_ford_a, serial_bayou_pond_b
D:4:      layout_loops_ring, nicolae_tso_carved_into_rock, uniq_sigmund,
          uniq_edmund, uniq_ijyb, uniq_natasha
D:5:      nicolae_cairo_tiling_large_dashed, layout_layer_cave, serial_shops,
          kennysheep_mini_moat, uniq_crazy_yiuf_cottage

Skill      XL: |  1  2  3  4  5  6  7 |
---------------+----------------------+-----
Fighting       | 4 5 |  5.5
Armour         | 4 5 6 8 |  8.4
Shields        | 4 5 |  5.4
Axes           | 3 4 5 6 7 |  7.1
Dodging        | 1 2 |  2.3
Stealth        | |  0.5

Action                   |  1- 3 |  4- 6 |  7- 9 || total
-------------------------+-------+-------+-------++-------
Melee: War axe           |    49 |    94 |    63 ||   206
       Headbutt          |     5 |    10 |    14 ||    29
       Hand axe          |       |       |     2 ||     2
  Use: Scroll            |     4 |     1 |     3 ||     8
       Potion            |       |       |     1 ||     1
Armor: Scale mail        |    51 |    41 |    28 ||   120
Dodge: Dodged            |    44 |    43 |    47 ||   134
Block: Buckler           |    25 |    24 |    24 ||    73
